 Dungeon Crawl Stone Soup version 0.32-a0-921-g04a7ad8e02 (webtiles) character file.

Game seed: 8342560710608671739

765 Revguard the Trooper (level 7, -6/55 HPs)
             Began as a Coglin Chaos Knight on Apr 12, 2024.
             Was a Plaything of Xom.
             Mangled by an orc
             ... wielding a +3 mace of chaos
              (12 damage)
             ... on level 5 of the Dungeon.
             The game lasted 00:10:02 (3725 turns).

Revguard the Trooper (Coglin Chaos Knight)          Turns: 3725, Time: 00:10:05

Health: -6/55      AC: 16    Str: 15    XL:     7   Next: 81%
Magic:  6/6        EV:  4    Int: 11    God:    Xom [.*....]
Gold:   168        SH:  0    Dex: 13    Spells: 6/6 levels left

rFire   . . .        a - +0 hand axe (chaos) {Johann}
rCold   . . .        c - +3 dagger (chaos) {Otto}
rNeg    . . .        q - +0 plate armour
rPois   .            (helmet restricted)
rElec   .            h - +0 cloak
rCorr   .            f - +0 pair of gloves
SInv    .            (no boots)
Will    .....        (amulet unavailable) Stlth
                     (ring unavailable)
HPRegen 0.29/turn    (ring unavailable)
MPRegen 0.10/turn    (no gizmo)

%: no passive effects
@: revved
A: off-hand wielding, slow wielding, warmup strikes, no jewellery, antennae 1,
iridescent scales 1, low MP 1, sense surroundings 1, screaming 1, no potion heal
1
a: Invent Gizmo, Renounce Religion


You were on level 5 of the Dungeon.
You worshipped Xom.
You were a plaything of Xom.
You visited 1 branch of the dungeon, and saw 5 of its levels.

You collected 168 gold pieces.

Inventory:

Hand Weapons
 a - a +0 hand axe of chaos (weapon) {Johann}
 c - a +3 dagger of chaos (offhand) {Otto}
 d - a +0 dagger {Kheti}
 o - a +0 war axe {Chinhae}
Armour
 b - a +2 leather armour
 f - a +0 pair of gloves (worn)
 h - a +0 cloak (worn)
 i - a +0 helmet
 q - a +0 plate armour (worn)
Scrolls
 e - a scroll of amnesia {unknown}
 j - a scroll of immolation {unknown}
 k - a scroll of poison {unknown}
 l - a scroll of fog {unknown}
 m - 2 scrolls of fear {unknown}
 p - 6 scrolls of teleportation
 s - a scroll of blinking {unknown}
 t - a scroll of noise {unknown}
Potions
 g - a potion of heal wounds
 n - a potion of attraction


   Skills:
 + Level 4.7 Fighting
 + Level 4.7 Axes
 + Level 3.8 Armour
 + Level 3.3 Dodging
 + Level 4.6 Evocations


You had 6 spell levels left.
You didn't know any spells.
Your spell library contained the following spells:

 Spells                   Type           Power      Damage    Failure   Level
 Magic Dart               Conj           0%         1d3       100%        1
 Blink                    Tloc           0%         N/A       100%        2
 Call Imp                 Summ           0%         N/A       100%        2
 Sublimation of Blood     Necr           0%         N/A       100%        2
 Summon Hydra             Summ           0%         N/A       100%        7


Dungeon Overview and Level Annotations

Branches:
Dungeon (5/15)
 Temple: D:4-7

Altars:
Ashenzari
Ru


Innate Abilities, Weirdness & Mutations

You can wield a second weapon in your off-hand.
It takes a long time for you to wield or remove held weapons.
Your first few attacks do less damage.
You cannot equip rings or amulets.
You have a pair of small antennae on your head.
You are partially covered in iridescent scales. (AC +2)
Your magical capacity is low. (-10% MP)
You passively map a small area around you.
You occasionally shout uncontrollably at your foes.
Potions are less effective at restoring your health.


Message History

You barely miss the orc wizard with your +0 hand axe of chaos.
You hit the orc priest but do no damage.
The orc priest suddenly seems more resistant.
You hit the orc but do no damage.
The orc seems to slow down.
You closely miss the orc wizard with your +3 dagger of chaos.
The orc priest hits you with a +0 dagger.
The orc wizard hits you but does no damage.
You hit the orc priest but do no damage.
The orc priest seems to slow down.
The orc priest is severely wounded.
You barely miss the orc wizard with your +0 hand axe of chaos.
You closely miss the orc priest with your +0 hand axe of chaos.
You hit the orc but do no damage.
You hit the orc priest with your +3 dagger of chaos.
The orc priest is poisoned.
The orc hits you but does no damage.
The orc wizard gestures wildly while chanting.
The orc wizard flickers and vanishes!
Deactivating autopickup; reactivate with Ctrl-A.
The orc priest hits you but does no damage.
You hit the orc priest with your +0 hand axe of chaos.
You kill the orc priest!
You hit the orc priest with your +0 hand axe of chaos.
You hit the orc but do no damage.
The orc shakes off its lethargy.
The orc flies into a frenzy!
You hit something with your +0 hand axe of chaos.
The orc hits you with a +3 mace of chaos.
* * * LOW HITPOINT WARNING * * *
You feel drained.
* * * LOW HITPOINT WARNING * * *
Something hits you but does no damage.
The orc priest hits you but does no damage.
Your life force feels restored.
Your system partially rejects the healing.
You feel much better.
The orc hits you with a +3 mace of chaos!
* * * LOW HITPOINT WARNING * * *
You convulse.
* * * LOW HITPOINT WARNING * * *
The orc hits you with a +3 mace of chaos!
You die...

, , #...........>.. , ,
#.............. ß
####................. ... ,
............................
*............................
...........................# ,
..........o{o...........#..#
...........@)..............#
..........................#.
.............................
.............................
#..........).................
#............................
,
##............................
,
......................##......
,
......................#.....##


You could see an orc priest and a neutral orc (fast, strong, frenzied).

Vanquished Creatures
  Grinder (D:4)
  A phantom (D:4)
  A bullfrog (D:5)
  A scorpion (D:4)
  3 bombardier beetles
  A hound (D:5)
  Crazy Yiuf (D:4)
  An orc priest (D:5)
  A sleepcap (D:4)
  An orc wizard (D:5)
  Robin (D:4)
  4 adders
  A ribbon worm (D:2)
  2 dart slugs
  An orc (D:5)
  9 ball pythons
  3 bats (D:2)
  9 endoplasms
  3 giant cockroaches
  18 goblins
  11 hobgoblins
  4 jackals (D:4)
  3 quokkas
  11 frilled lizards
  2 kobolds
  A rat (D:2)
95 creatures vanquished.

Notes
Turn   | Place    | Note
-------+----------+-------------------------------------------
     0 | D:1      | Revguard the Coglin Chaos Knight began the quest for the
                  | Orb.
     0 | D:1      | Reached XP level 1. HP: 18/18 MP: 1/1
     7 | D:1      | XOM: divination: detect creatures
    16 | D:1      | XOM: divination: detect items
    32 | D:1      | Reached skill level 1 in Dodging
    57 | D:1      | XOM: divination: detect items
    84 | D:1      | Reached XP level 2. HP: 24/24 MP: 2/2
   201 | D:1      | Reached skill level 1 in Evocations
   272 | D:1      | XOM: potion effect (invisibility)
   369 | D:1      | XOM: silly message
   395 | D:1      | Reached XP level 3. HP: 29/29 MP: 3/3
   816 | D:2      | XOM: potion effect (invisibility)
   820 | D:2      | Reached XP level 4. HP: 33/35 MP: 4/4
   885 | D:2      | XOM: smoke on damage
  1163 | D:2      | XOM: silly message
  1426 | D:3      | Found a sacrificial altar of Ru.
  1427 | D:3      | Found a broken altar of Ashenzari.
  1548 | D:3      | XOM: silly message
  1694 | D:3      | XOM: divination: detect creatures
  1978 | D:3      | Reached XP level 5. HP: 41/41 MP: 5/5
  2038 | D:3      | XOM: silly message
  2276 | D:3      | XOM: divination: magic mapping
  2397 | D:3      | XOM: god gift: scroll labelled MIODAXZOBEMM {god gift}
  2444 | D:3      | Gained mutation: Your magical capacity is low. (-10% MP)
                  | [potion of mutation]
  2444 | D:3      | Gained mutation: Potions are less effective at restoring
                  | your health. [potion of mutation]
  2444 | D:3      | Gained mutation: You passively map a small area around you.
                  | [potion of mutation]
  2649 | D:4      | Noticed Grinder
  2650 | D:4      | Paralysed by Grinder for 3 turns
  2661 | D:4      | Paralysed by Grinder for 2 turns
  2668 | D:4      | Killed Grinder
  2669 | D:4      | Reached XP level 6. HP: 48/48 MP: 5/5
  2753 | D:4      | XOM: potion effect (might)
  2755 | D:4      | XOM: cast spell 'Olgreb's Toxic Radiance'
  2843 | D:4      | XOM: divination: detect items
  2906 | D:4      | Reached XP level 7. HP: 54/54 MP: 6/6
  3222 | D:4      | Found a runed translucent door.
  3223 | D:4      | Noticed Crazy Yiuf
  3231 | D:4      | Killed Crazy Yiuf
  3307 | D:4      | Noticed Robin
  3311 | D:4      | XOM: confuse monster(s)
  3315 | D:4      | Killed Robin
  3327 | D:4      | XOM: chaos upgrade
  3414 | D:4      | XOM: give mutations
  3414 | D:4      | Gained mutation: You occasionally shout uncontrollably at
                  | your foes. [Xom's mischief]
  3414 | D:4      | Gained mutation: You have a pair of small antennae on your
                  | head. [Xom's mischief]
  3414 | D:4      | Gained mutation: You are partially covered in iridescent
                  | scales. (AC +2) [Xom's mischief]
  3633 | D:5      | Entered Level 5 of the Dungeon
  3641 | D:5      | XOM: confuse monster(s)
  3720 | D:5      | XOM: chaos upgrade
  3725 | D:5      | Mangled by an orc

Illustrated notes

Levels and vault maps discovered:
D:1:      spicycebolla_arrival_ecumenical, layout_loops_ring
D:2:      layout_basic, minmay_lizard_king
D:3:      minmay_chambers_of_twos, layout_basic,
          mainiacjoe_overflow_divided_tiny, nicolae_underground_beach
D:4:      nicolae_cairo_tiling_large, layout_basic, uniq_grinder, uniq_robin,
          uniq_crazy_yiuf_cottage
D:5:      layout_layer_cave, mainiacjoe_overflow_small_starburst,
          lemuel_temple_firewalk_b, serial_shops, nicolae_shop_window_shopping

Skill      XL: |  1  2  3  4  5  6  7 |
---------------+----------------------+-----
Dodging        | 1 2 3 |  3.3
Armour         | 2 3 |  3.8
Evocations     | 1 2 3 4 |  4.6
Fighting       | 4 |  4.7
Axes           | 4 |  4.7

Action                     |  1- 3 |  4- 6 |  7- 9 || total
---------------------------+-------+-------+-------++-------
  Melee: Hand axe          |    49 |    53 |    49 ||   151
         Dagger            |    50 |     2 |    23 ||    75
         War axe           |       |    50 |    22 ||    72
    Use: Scroll            |       |     6 |     1 ||     7
         Potion            |       |     2 |     1 ||     3
   Stab: Sleeping          |     2 |       |       ||     2
         Invisible         |     5 |     7 |       ||    12
         Confused          |       |     1 |     4 ||     5
 Armour: Leather armour    |    35 |    13 |       ||    48
         Plate armour      |       |    29 |    59 ||    88
         Skin              |       |     8 |       ||     8
  Dodge: Dodged            |    38 |    25 |     9 ||    72

Table legend: (Time is in decaauts)
 A = Elapsed time spent in this place.
 B = Non-inter-level travel time spent in this place.
 C = Inter-level travel time spent in this place.
 D = Time resting spent in this place.
 E = Time spent auto-exploring this place.
 F = Levels seen in this place.
 G = Mean time per level.
                   A        B        C        D        E       F      G
               +--------+--------+--------+--------+--------+-----+--------+
         Total |   3734 |   3646 |     88 |     28 |   2884 |   5 |  746.8 |
       Dungeon |   3734 |   3646 |     88 |     28 |   2884 |   5 |  746.8 |
               +--------+--------+--------+--------+--------+-----+--------+

Top non-repeatable levels by time:
     D:4: 1161 daAuts
     D:3: 1144 daAuts
     D:1: 692 daAuts
     D:2: 643 daAuts
     D:5: 92 daAuts
